 Dungeon Sprint DCSS version 0.31.0-1-g2c135a0 (webtiles) character file.

Game seed: 1469425180935117172

5 PurpleRed the Conjurer (level 1, -2/18 HPs)
             Began as a Deep Elf Conjurer on Mar 9, 2024.
             Slain by a ribbon worm (8 damage)
             ... in the Dungeon (Sprint II: "The Violet Keep of Menkaure").
             The game lasted 00:00:29 (19 turns).

PurpleRed the Conjurer (Deep Elf Conjurer)            Turns: 19, Time: 00:00:29

Health: -2/18      AC:  2    Str:  4    XL:     1   Next: 66%
Magic:  2/7        EV: 12    Int: 22    God:
Gold:   0          SH:  0    Dex: 13    Spells: 6/7 levels left

rFire   . . .        (no weapon)
rCold   . . .        (no shield)
rNeg    . . .        a - +0 robe
rPois   .            (no helmet)
rElec   .            (no cloak)
rCorr   .            (no gloves)
SInv    .            (no boots)
Will    .....        (no amulet) Stlth
                     (no ring)
HPRegen 0.23/turn    (no ring)
MPRegen 0.10/turn

%: no teleportation
@: berserking (expiring), hasted, very quick
A: no striking features
a: no special abilities


You were in the Dungeon.
You visited 1 branch

Inventory:

Armour
 a - a +0 robe (worn)
Scrolls
 g - a scroll of blinking
Potions
 b - 3 potions of magic
 c - a potion of curing
 d - a potion of heal wounds


   Skills:
 + Level 1.1 Fighting
 - Level 2.4 Dodging
 - Level 2.4 Stealth
 + Level 3.7 Spellcasting
 * Level 5.2 Conjurations


You had 6 spell levels left.
You knew the following spells:

 Your Spells              Type           Power      Damage    Failure   Level
a - Magic Dart            Conj           100%       1d8       1%          1

Your spell library contained the following spells:

 Spells                   Type           Power      Damage    Failure   Level
 Searing Ray              Conj           54%        2d6       1%          2
 Fulminant Prism          Conj/Alch      7%         3d7       36%         4
 Iskenderun's Mystic Bla  Conj/Tloc      15%        2d5       36%         4


Dungeon Overview and Level Annotations

Branches:
Dungeon (1/1)

Altars:


Message History

Unknown command.
Casting: Magic Dart (safe; 1% risk of failure)
Confirm with . or Enter, or press ? or * to list all spells.
Aiming: Magic Dart (safe; 1% risk of failure)
Press: ? - help, Shift-Dir - straight line, f/p - ribbon worm
Aim: a ribbon worm (moderately wounded, 100% to hit)
The magic dart hits the ribbon worm.
The ribbon worm is moderately wounded.
Unknown command.
A red film seems to cover your vision as you go berserk!
You feel yourself moving faster!
You feel mighty!
The web tears apart.
You feel a strong urge to attack something.
The ribbon worm barely misses you.
You hit the ribbon worm but do no damage.
The ribbon worm is lightly wounded.
You hit the ribbon worm.
The ribbon worm is moderately wounded.
The ribbon worm misses you.
You barely miss the ribbon worm.
The ribbon worm is lightly wounded.
You hit the ribbon worm. You punch the ribbon worm.
The ribbon worm is severely wounded.
The ribbon worm bites you.
You punch the ribbon worm!
You kill the ribbon worm!
You hit the ribbon worm. You punch the ribbon worm!
The ribbon worm is severely wounded.
You hit the ribbon worm.
The ribbon worm is almost dead.
The ribbon worm bites you!
You punch the ribbon worm!
You kill the ribbon worm!
Your Fighting skill increases to level 1!
Your Conjurations skill increases to level 5!
You hit the ribbon worm but do no damage.
You hit the ribbon worm. You punch the ribbon worm.
The ribbon worm is heavily wounded.
The ribbon worm bites you!
You die...

# #+# .##
##.##...#
+.<@w#
##.##.#
#+# .# #


You could see a ribbon worm.

Vanquished Creatures
  2 ribbon worms (D)
2 creatures vanquished.

Notes
Turn   | Place    | Note
-------+----------+-------------------------------------------
     0 | D        | PurpleRed the Deep Elf Conjurer began the quest for the
                  | Orb.
     0 | D        | Reached XP level 1. HP: 10/10 MP: 6/6
    18 | D        | Reached skill level 1 in Fighting
    18 | D        | Reached skill level 5 in Conjurations
    19 | D        | Slain by a ribbon worm

Illustrated notes

Levels and vault maps discovered:
D:        the_violet_keep_of_menkaure [sprint2_stairs_cluster_1,
          sprint2_shoproom, sprint2_temple, sprint2_basic_supplies,
          sprint2_obstacle_6, sprint2_obstacle_1, sprint2_obstacle_2,
          sprint2_obstacle_7, sprint2_obstacle_5, sprint2_timed_cluster_1,
          sprint2_smallroom_cluster_1, sprint2_smallroom_final_cluster_1,
          sprint2_transparent_cluster_1, sprint2_second_timed_cluster_1,
          sprint2_sniper_area_1, sprint2_heavy_combat_area_1,
          sprint2_mutation_trap_area_1, sprint2_forest_area_1,
          sprint2_light_combat_area_1, sprint2_behind_water_1,
          sprint2_near_end_vault_1]

Skill      XL: |  1 |
---------------+----+-----
Fighting       | 1 |  1.1
Conjurations   | 5 |  5.2
Dodging        | |  2.4
Stealth        | |  2.4
Spellcasting   | |  3.7

Action                     || total
---------------------------++-------
  Melee: Unarmed           ||    10
         Punch             ||     3
   Cast: Magic Dart        ||     5
    Use: Potion            ||     2
 Armour: Robe              ||     3
  Dodge: Dodged            ||     2
